AoeStats
← [GN]mezdap

MegaRandom

509454451Analyzed
2v2 RM · 6d ago on Sep 26, 2026· 36m 59s· 4 players
Game mode
Random Map
Map size
Medium (4 player)
Population
200
Speed
Normal
Resources
Standard
Victory
Conquest
Starting age
Dark Age
Ending age
Imperial Age
RankedLock teamsTeams togetherTeam positionsShared explorationLock speedFull tech treeHidden civsTurbo modeCheats
Victory
Defeat
🇺🇸 Saxons · United States
1441
+16
🇺🇸 Khitans · United States
1363
+19
🇹🇷 Saxons · Türkiye
1455
-18
🇹🇷 Varangians · Türkiye
1419
-17
[GN]LAZURİ
6:55 Loom
9:07 Feudal Age
9:47 Double-Bit Axe
14:04 Gold Mining
14:20 Fletching
15:26 Horse Collar
18:04 Padded Archer Armor
23:38 Castle Age
24:16 Bodkin Arrow
23:44 Crossbowman
27:15 Bow Saw
27:55 Heavy Plow
29:39 Leather Archer Armor
29:47 Thumb Ring
30:58 Ballistics
31:59 Wheelbarrow
31:39 Town Watch
[GN]mezdap
6:27 Loom
9:14 Feudal Age
10:19 Man-at-Arms
10:46 Arson
19:17 Bloodlines
19:26 Forging
19:55 Double-Bit Axe
20:47 Scale Barding Armor
21:36 Horse Collar
24:15 Wheelbarrow
23:56 Gold Mining
31:32 Castle Age
33:39 Husbandry
34:04 Chain Barding Armor
34:43 Hand Cart
35:22 Town Watch
35:29 Fishing Lines
37:18 Stone Mining
_CH_MAC
6:52 Loom
9:48 Feudal Age
10:20 Double-Bit Axe
14:17 Forging
17:46 Scale Barding Armor
22:53 Castle Age
22:44 Domestication
24:21 Husbandry
31:35 Chain Barding Armor
33:01 Fletching
34:42 Iron Casting
Altamar
7:05 Loom
9:37 Feudal Age
10:15 Double-Bit Axe
14:03 Fletching
16:04 Horse Collar
20:40 Castle Age
19:27 Padded Archer Armor
21:21 Bodkin Arrow
20:49 Crossbowman
21:41 Bow Saw
27:00 Ballistics
31:11 Thumb Ring
31:14 Heavy Plow
32:08 Wheelbarrow
36:46 Imperial Age
35:10 Leather Archer Armor
34:56 Gold Mining
35:40 Hand Cart
37:07 Scale Mail Armor
37:18 Forging
Connection lost

Rejoining the realm…

Still unreachable

The connection could not be restored.

Session expired

The server has moved on; the page needs a fresh start.